 Dungeon Sprint DCSS version 0.17-a0-1674-g2b13139 (webtiles) character file.

324 Kidiri the Covert (level 6, -20/28 HPs)
             Began as a Spriggan Enchanter on Aug 18, 2015.
             Was an Initiate of Dithmenos.
             Demolished by a spatial vortex (26 damage)
             ... in the Dungeon (Sprint III: "The Ten Rune Challenge").
             The game lasted 00:02:21 (510 turns).

Kidiri the Covert (Spriggan Enchanter)               Turns: 510, Time: 00:02:21

Health: -20/28     AC:  4    Str:  4    XL:     6   Next: 23%
Magic:  3/17       EV: 25    Int: 17    God:    Dithmenos [......]
Gold:   30         SH:  0    Dex: 18    Spells: 5 memorised, 8 levels left

rFire  . . .     SeeInvis +     a - +1 dagger
rCold  . . .     Clarity  .     b - +1 robe
rNeg   . . .     SustAt   .     (shield restricted)
rPois  .         Gourm    .     (helmet restricted)
rElec  .         Spirit   .     (no cloak)
rCorr  .         Warding  .     (gloves unavailable)
rMut   .         NoTele   +     (boots unavailable)
MR     +....                    (no amulet)
Stlth  +++++.....               (no ring)
                                (no ring)

@: very quick, somewhat resistant to hostile enchantments, quite stealthy
A: unfitting armour, horns 1, rugged brown scales 1, see invisible,
deterioration 1, herbivore 3, speed 3, slow metabolism 2, spit poison 1, wild
magic 1
a: Spit Poison, Renounce Religion


You were in the Dungeon.
You worshipped Dithmenos.
Dithmenos was noncommittal.
You were not hungry.

You visited 1 branch You collected 30 gold pieces.

Inventory:

Hand weapons
 a - a +1 dagger (weapon)
Armour
 b - a +1 robe (worn)
Scrolls
 j - a scroll of blinking
 l - 2 scrolls of immolation
 n - 2 scrolls of remove curse
Potions
 e - 2 potions of curing
 f - a potion of heal wounds
 g - a potion of haste
 h - 2 potions of magic
 p - 3 potions of flight
 r - 2 potions of cure mutation
Comestibles
 d - a bread ration
 o - 3 royal jellies


   Skills:
 + Level 4.7 Short Blades
 * Level 9.2 Dodging
 * Level 10.6 Stealth
 * Level 7.8 Spellcasting
 + Level 1.8 Conjurations
 + Level 6.4 Hexes
 + Level 2.7 Ice Magic
 + Level 0.0 Invocations


You had 8 spell levels left.
You knew the following spells:

 Your Spells              Type           Power        Failure   Level  Hunger
a - Corona                Hex            #####..      3%          1    None
b - Ensorcelled Hibernat  Hex/Ice        ####..       7%          2    None
c - Confuse               Hex            #####...     7%          3    #......
d - Tukima's Dance        Hex            #####...     7%          3    #......
e - Dazzling Spray        Conj/Hex       ####....     16%         3    #......


Dungeon Overview and Level Annotations

Branches:
Dungeon (1/1)

Altars:
Dithmenos
Gozag
Makhleb
Nemelex Xobeh
Qazlal
Ru
Xom
Jiyva
Lugonu


Innate Abilities, Weirdness & Mutations

You are tiny and cannot use many weapons and most armour.
You have supernaturally acute eyesight.
You are a herbivore.
You cover ground extremely quickly.
You need consume almost no food.
You have a pair of small horns on your head.
You are partially covered in rugged brown scales (AC +1, +3% HP).
Your body sometimes deteriorates upon taking damage.
You can spit weak poison.
Your spells are a little harder to cast, but a little more powerful.


Message History

Aiming: Dazzling Spray
Press: ? - help, Shift-Dir - straight line, f/p - spatial vortex
Aim: a spatial vortex (moderately damaged)
The spray of energy hits the spatial vortex.
The spatial vortex is heavily damaged.
Casting: Dazzling Spray
Confirm with . or Enter, or press ? or * to list all spells.
Aiming: Dazzling Spray
Press: ? - help, Shift-Dir - straight line, f/p - spatial vortex
Aim: a spatial vortex (heavily damaged)
The spray of energy hits the spatial vortex.
The spatial vortex is severely damaged.
The spatial vortex hits you!!
Ouch! That really hurt!
* * * LOW HITPOINT WARNING * * *
Unknown command.
There is a viscous altar of Jiyva here.
The spatial vortex hits you!!
Ouch! That really hurt!
You die...

....#?.#..#
#..)#..#..###+#+###+##
##..##+#..#..........#
##..###...'.⌠........#
#..####...#...######'#
#..###....#.⌠.#__#...#
...##.....#...#__#...#
...#......#+###v_#...#
.##.#.....# #_@#...+
.#####....# #_.'...#
▓▓ ▓▓▓▓▓▓ ▓▓▓▓▓▓▓▓


You could see a spatial vortex.

Vanquished Creatures
  A shadow (D)
  A water elemental (D)
  A jelly (D)
  Jessica (D)
  A human (D)
  2 oozes (D)
  A phantom (D)
  A rat (D)
9 creatures vanquished.

Vanquished Creatures (others)
  2 draconian scorchers (D)
  A yaktaur (D)
3 creatures vanquished.

Grand Total: 12 creatures vanquished

Notes
Turn   | Place    | Note
--------------------------------------------------------------
     0 | D        | Kidiri the Spriggan Enchanter began the quest for the Orb.
     0 | D        | Reached XP level 1. HP: 9/9 MP: 5/5
     9 | D        | Reached skill level 5 in Stealth
    11 | D        | Reached XP level 2. HP: 13/13 MP: 5/7
    36 | D        | Killed a yaktaur
    42 | D        | Noticed Jessica
    46 | D        | Killed Jessica
    46 | D        | Reached skill level 5 in Dodging
    46 | D        | Reached skill level 6 in Stealth
    46 | D        | Reached XP level 3. HP: 16/16 MP: 8/10
    50 | D        | Learned a level 2 spell: Ensorcelled Hibernation
    54 | D        | Learned a level 3 spell: Confuse
    58 | D        | Learned a level 3 spell: Tukima's Dance
   179 | D        | Reached skill level 7 in Stealth
   198 | D        | Gained mutation: You have a pair of small horns on your head. [potion of mutation]
   198 | D        | Gained mutation: Your body sometimes deteriorates upon taking damage. [potion of mutation]
   198 | D        | Gained mutation: You are partially covered in rugged brown scales (AC +1, +3% HP). [potion of mutation]
   199 | D        | Gained mutation: You can spit weak poison. [potion of mutation]
   199 | D        | Gained mutation: Your spells are a little harder to cast, but a little more powerful. [potion of mutation]
   208 | D        | Noticed a water elemental
   209 | D        | Killed a white draconian scorcher
   210 | D        | Killed a water elemental
   210 | D        | Reached skill level 8 in Stealth
   210 | D        | Reached skill level 5 in Hexes
   210 | D        | Reached skill level 1 in Ice Magic
   210 | D        | Reached XP level 4. HP: 21/21 MP: 11/13
   220 | D        | Learned a level 3 spell: Dazzling Spray
   226 | D        | Killed a white draconian scorcher
   250 | D        | Noticed a jelly
   251 | D        | Noticed a shadow
   284 | D        | Killed a shadow
   284 | D        | Reached skill level 9 in Dodging
   284 | D        | Reached skill level 10 in Stealth
   284 | D        | Reached skill level 1 in Conjurations
   284 | D        | Reached XP level 5. HP: 24/24 MP: 0/16
   284 | D        | Reached XP level 6. HP: 28/28 MP: 0/17
   345 | D        | Killed a jelly
   498 | D        | Found a stormy altar of Qazlal.
   499 | D        | Found a sacrificial altar of Ru.
   499 | D        | Found a burning altar of Makhleb.
   499 | D        | Found a viscous altar of Jiyva.
   499 | D        | Found a shimmering altar of Xom.
   499 | D        | Found a shadowy altar of Dithmenos.
   499 | D        | Found a sparkling altar of Nemelex Xobeh.
   499 | D        | Found a corrupted altar of Lugonu.
   499 | D        | Found an opulent altar of Gozag.
   499 | D        | Noticed a spatial vortex
   503 | D        | Became a worshipper of Dithmenos the Shadowed
   510 | D        | Demolished by a spatial vortex

Vault maps used:
D:        dungeon_sprint_mu

Action                   |  1- 3 |  4- 6 || total
-------------------------+-------+-------++-------
Melee: Dagger            |     7 |     6 ||    13
 Cast: Ensorcelled Hiber |     1 |       ||     1
       Dazzling Spray    |       |     8 ||     8
  Use: Scroll            |     3 |       ||     3
       Potion            |     2 |     1 ||     3
 Stab: Sleeping          |     7 |     1 ||     8
